 Dungeon Crawl Stone Soup version 0.17-a0-2058-g8b0eb12 (webtiles) character file.

1320 Ordine the Skirmisher (level 8, -9/61 HPs)
             Began as an Octopode Fighter on Oct 12, 2015.
             Was an Initiate of Dithmenos.
             Mangled by Gargoyl's ghost (15 damage)
             ... on level 6 of the Dungeon.
             The game lasted 00:16:47 (5249 turns).

Ordine the Skirmisher (Octopode Fighter)            Turns: 5249, Time: 00:16:47

Health: -9/61      AC:  1    Str: 16    XL:     8   Next: 59%
Magic:  8/8        EV: 10    Int: 15    God:    Dithmenos [......]
Gold:   182        SH: 12    Dex: 13    Spells: 1 memorised, 6 levels left

rFire  + + .     SeeInvis .     a - +1 long sword
rCold  . . .     Clarity  .     b - +3 shield
rNeg   . . .     SustAt   .     (helmet restricted)
rPois  .         Gourm    .     (no amulet)
rElec  .         Spirit   .     e - +5 ring of intelligence
rCorr  .         Warding  .     q - ring of protection from fire
rMut   .         Stasis   .     u - ring of flight
MR     .....                    z - +3 ring of slaying
Stlth  ++........               A - ring of protection from fire
                                (no ring)
                                (no ring)
                                (no ring)

@: very slightly contaminated, hasted, invisible, very quick, not resistant to
hostile enchantments, unstealthy
A: almost no armour, amphibious, 8 rings, constrict 8, camouflage 1, gelatinous
body 1
a: Renounce Religion, Evoke Flight


You were on level 6 of the Dungeon.
You worshipped Dithmenos.
Dithmenos was noncommittal.
You were near starving.

You visited 2 branches of the dungeon, and saw 7 of its levels.

You collected 182 gold pieces.

Inventory:

Hand Weapons
 a - a +1 long sword (weapon)
Missiles
 g - 178 stones
 k - a steel tomahawk (quivered)
 l - 3 needles of sleeping
 m - 2 needles of paralysis
 x - 3 tomahawks
Armour
 b - a +3 shield (worn)
Jewellery
 e - a +5 ring of intelligence (left tentacle)
 q - a ring of protection from fire (right tentacle)
 u - a ring of flight (on tentacle)
 z - a +3 ring of slaying (on tentacle)
 A - a ring of protection from fire (on tentacle)
Wands
 y - a wand of paralysis (10)
 B - a wand of hasting (0)
 C - a wand of polymorph (15)
 F - a wand of disintegration (13)
Scrolls
 h - a scroll of remove curse
 j - 5 scrolls of teleportation
 t - a scroll of amnesia
Potions
 c - a potion of haste {unknown}
 n - a potion of lignification {unknown}
 p - 2 potions of curing
 r - a potion of cure mutation
 s - a potion of heal wounds {unknown}
 v - a potion of poison {unknown}
 w - a potion of berserk rage {unknown}
Books
 D - a book of Cantrips

   Spells                             Type                      Level
   a - Corona                         Hexes                        1
   b - Animate Skeleton               Necromancy                   1
   c - Summon Small Mammal            Summoning                    1
   d - Apportation                    Translocation                1
Comestibles
 d - 3 bread rations
 f - 5 meat rations
 i - 2 royal jellies
 E - 2 fruits


   Skills:
 + Level 7.9 Fighting
 + Level 7.3 Long Blades
 - Level 3.0 Dodging
 - Level 3.0 Shields


You had 6 spell levels left.
You knew the following spells:

 Your Spells              Type           Power        Failure   Level  Hunger
a - Apportation           Tloc           #.........   95%         1    ##.....


Dungeon Overview and Level Annotations

Branches:
Dungeon (6/15)             Temple (1/1) D:6

Altars:
Ashenzari
Cheibriados
Dithmenos
Elyvilon
Fedhas
Kikubaaqudgha
Nemelex Xobeh
Okawaru
Qazlal
Ru
Trog
Vehumet
Xom
Yredelemnul
Zin

Annotations:
D:6 Gargoyl's ghost, novice DsAK


Innate Abilities, Weirdness & Mutations

You cannot wear most types of armour.
You are amphibious.
You can wear up to eight rings at the same time.
You can use your tentacles to constrict eight enemies at once.
Your skin changes colour to match your surroundings (Stealth).
Your rubbery body absorbs attacks (AC +1).


Message History

Gargoyl's ghost freezes you.
* * * LOW HITPOINT WARNING * * *
Press: ? - help, v - describe, . - travel
Here: Gargoyl's ghost, wielding a weapon of freezing (lightly damaged)
The floor.
Unknown command.
Drink which item? (? for menu, Esc to quit)
You fade into invisibility!
You are too injured to fight recklessly!
Gargoyl's ghost laughs, "And you think you're capable of finding the ORB?
I had it, you know.
Then I gave it away so I could steal it AGAIN."
You barely miss Gargoyl's ghost.
Gargoyl's ghost is lightly damaged.
Gargoyl's ghost turns its malevolent gaze towards you.
Things that are here:
a shortbow; 7 arrows of dispersal Gargoyl's ghost closely misses you.
You hit Gargoyl's ghost but do no damage.
Gargoyl's ghost is lightly damaged.
Gargoyl's ghost hits you!
You die...

#.# #.# #.# #.#
#>#
#(#######.###.#
.(.)..........#
#(#############
#(# #.# #W#
############
#@#####...........
#)......##########
#########


You could see Gargoyl's ghost.

Vanquished Creatures
  A human (D:3)
  2 ice beasts
  An ogre (D:5)
  2 centaurs
  2 giant frogs (D:6)
  2 crimson imps
  A human zombie (D:3)
  2 iguanas
  2 hounds
  2 giant frog skeletons
  A human skeleton (D:3)
  4 worker ants
  A hound skeleton (D:6)
  10 adders
  4 gnolls (D:3)
  A shadow imp (D:5)
  2 oozes
  An adder skeleton (D:4)
  A worm (D:4)
  6 giant geckos
  6 orcs
  2 bats (D:2)
  2 giant cockroaches (D:1)
  8 goblins
  7 hobgoblins
  3 jackals (D:1)
  10 kobolds
  2 quokkas
  A ball python (D:1)
  3 giant newts (D:3)
  A jackal zombie (D:3)
  2 quokka skeletons (D:4)
  11 rats
106 creatures vanquished.

Notes
Turn   | Place    | Note
--------------------------------------------------------------
     0 | D:1      | Ordine the Octopode Fighter began the quest for the Orb.
     0 | D:1      | Reached XP level 1. HP: 16/16 MP: 1/1
   131 | D:1      | Reached XP level 2. HP: 21/21 MP: 2/2
   355 | D:1      | Reached XP level 3. HP: 18/26 MP: 3/3
   376 | D:1      | Found a shattered altar of Ashenzari.
   636 | D:2      | Found a sparkling altar of Nemelex Xobeh.
   826 | D:2      | Reached XP level 4. HP: 33/33 MP: 4/4
   927 | D:2      | Reached skill level 4 in Fighting
  1231 | D:2      | Found a basalt altar of Yredelemnul.
  1237 | D:2      | Found a sacrificial altar of Ru.
  1242 | D:2      | Found a radiant altar of Vehumet.
  1464 | D:3      | Reached XP level 5. HP: 31/38 MP: 5/5
  1494 | D:3      | Found a bloodstained altar of Trog.
  1781 | D:3      | Found a shimmering altar of Xom.
  1884 | D:3      | Found a runed door.
  1884 | D:3      | Noticed a human
  1888 | D:3      | Reached skill level 5 in Fighting
  1893 | D:3      | Reached XP level 6. HP: 42/45 MP: 6/6
  1904 | D:3      | Found a basalt altar of Yredelemnul.
  2235 | D:3      | Killed a human
  2235 | D:3      | Reached skill level 5 in Long Blades
  2596 | D:4      | Reached skill level 6 in Fighting
  2596 | D:4      | Reached XP level 7. HP: 20/52 MP: 7/7
  3633 | D:5      | Entered Level 5 of the Dungeon
  4270 | D:5      | Reached skill level 7 in Fighting
  4270 | D:5      | Reached XP level 8. HP: 41/60 MP: 8/8
  4893 | D:6      | Learned a level 1 spell: Apportation
  4934 | D:6      | Found a staircase to the Ecumenical Temple.
  4946 | Temple   | Entered the Ecumenical Temple
  4977 | Temple   | Became a worshipper of Dithmenos the Shadowed
  5230 | D:6      | Noticed Gargoyl's ghost (novice DsAK)
  5249 | D:6      | Mangled by Gargoyl's ghost

Vault maps used:
D:1:      ncdulo_watergridlock, evilmike_ruin_ashenzari
D:2:      nicolae_overflow_crystal_walls, minmay_overflow_temple_star_quad
D:3:      xom_teletrap_fun, nicolae_overflow_hidden_temple,
          dk_yredelemnul_ordeal
D:4:      first_bread, minivault_14
D:6:      kennysheep_mini, minmay_temple_entry_purple_smoke
Temple:   jpeg_temple_clearing_9

Action                   |  1- 3 |  4- 6 |  7- 9 || total
-------------------------+-------+-------+-------++-------
Melee: Long sword        |    52 |    82 |   100 ||   234
Throw: Tomahawk          |       |     5 |    11 ||    16
Evoke: Wand              |       |       |     1 ||     1
  Use: Scroll            |     7 |     6 |     5 ||    18
       Potion            |       |     2 |     2 ||     4
 Stab: Sleeping          |     4 |     7 |     4 ||    15
  Eat: Chunk             |       |     5 |     6 ||    11
       Fruit             |       |       |     1 ||     1
